 Dungeon Crawl Stone Soup version 0.21-a0-225-g207ae17 (webtiles) character file.

7588 Gorglomux the Markscentaur (level 10, 0/86 HPs)
             Began as a Centaur Assassin on Aug 29, 2017.
             Was a Believer of Uskayaw.
             Killed by vampiric draining
             ... invoked by a vampire
              (18 damage)
             ... on level 8 of the Dungeon.
             The game lasted 00:20:40 (13795 turns).

Gorglomux the Markscentaur (Centaur Assassin)      Turns: 13795, Time: 00:20:41

Health: 0/86       AC: 11    Str: 17    XL:     10   Next: 97%
Magic:  10/10      EV:  7    Int: 10    God:    Uskayaw [**....]
Gold:   201        SH:  0    Dex: 11    Spells: 9/9 levels left

rFire    . . .     SeeInvis .   b - +1 shortbow
rCold    . . .     Gourm    .   (shield currently unavailable)
rNeg     . . .     Faith    .   J - +4 scale mail "Wimon" {+Fly MR+}
rPois    .         Spirit   .   (no helmet)
rElec    .         Reflect  .   d - +0 cloak
rCorr    .         Harm     .   (no gloves)
MR       +....                  (no barding)
Stlth    ..........             (no amulet)
HPRegen  0.24/turn              l - ring of flight
MPRegen  0.12/turn              L - ring of loudness (curse)

@: very quick
A: hooves 3, deformed body, speed 2, tough skin 3
a: Stomp, Line Pass, Renounce Religion, Evoke Flight


You were on level 8 of the Dungeon.
You worshipped Uskayaw.
Uskayaw was noncommittal.
You were near starving.

You visited 2 branches of the dungeon, and saw 10 of its levels.

You collected 523 gold pieces.
You spent 322 gold pieces at shops.

Inventory:

Hand Weapons
 a - a +1 dagger of venom
 b - a +1 shortbow (weapon)
Missiles
 U - 77 arrows (quivered)
 V - 56 poisoned needles
Armour
 d - a +0 cloak (worn)
 J - the +4 scale mail "Wimon" (worn) {+Fly MR+}
   (You found it on level 9 of the Dungeon)

   It affects your resistance to hostile enchantments.
   It lets you fly.
 X - a +0 chain mail of fire resistance
Jewellery
 l - a ring of flight (left hand)
 L - a cursed ring of loudness (right hand)
Scrolls
 t - a scroll of recharging
 u - 4 scrolls of identify {unknown}
 x - 2 scrolls of random uselessness {unknown}
 y - a scroll of remove curse
 A - 2 scrolls of immolation {unknown}
 G - 3 scrolls of fear
 I - a scroll of fog {unknown}
 M - 2 scrolls of magic mapping
 O - 3 scrolls of vulnerability {unknown}
 R - 3 scrolls of enchant weapon
 T - 3 scrolls of teleportation
 Z - 2 scrolls of enchant armour {unknown}
Potions
 q - 4 potions of cancellation
 w - 2 potions of heal wounds
 B - 2 potions of flight
 D - 2 potions of agility
 N - 2 potions of invisibility
 P - a potion of lignification {unknown}
 Q - a potion of curing
 S - a potion of might {unknown}
 Y - 3 potions of haste
Comestibles
 g - 5 bread rations
 z - 4 meat rations
 K - 2 fruits
 W - 2 royal jellies


   Skills:
 + Level 7.3 Fighting
 - Level 1.7 Short Blades
 - Level 18.1 Bows
 - Level 2.1 Throwing
 + Level 0.2 Armour
 + Level 1.1 Dodging
 - Level 2.4 Stealth
 + Level 1.3 Invocations


You had 9 spell levels left.
You didn't know any spells.

Dungeon Overview and Level Annotations

Branches:
Dungeon (9/15)             Temple (1/1) D:4
   Lair: D:8-11         Orc: D:9-12

Altars:
Ashenzari
Cheibriados
Dithmenos
Fedhas
Gozag
Hepliaklqana
Kikubaaqudgha
Makhleb
Nemelex Xobeh
Qazlal
Ru
Sif Muna
Trog
Uskayaw
Vehumet
Wu Jian
Xom
Yredelemnul
Zin
The Shining One

Shops:
D:5 [   D:6 !   D:7 %

Annotations:
D:9 Erolcha


Innate Abilities, Weirdness & Mutations

You have hooves in place of feet.
Armour fits poorly on your strangely shaped body.
You cover ground very quickly.
You have extremely tough skin. (AC +3)


Message History

You shoot an arrow!
Firing (i - inventory):
U - 82 arrows (quivered)
Press: ? - help, Shift-Dir - butt line You shoot an arrow!
Something hits you but does no damage! Something bites you!
Something draws strength from your injuries!!!
Firing (i - inventory):
U - 81 arrows (butt)
Press: ? - help, Butt-Dir - straight line You shoot an arrow!
You can now pass through a line of other dancers!
Firing (i - inventory):
U - 80 arrows (quivered)
Press: ? - help, Shift-Dir - straight line You shoot an arrow!
Unholy energy fills the air! * * * don't die
* * * Firing (i - butt):
U - 79 arrows (quivered)
Press: ? - help, Shift-Dir - butt line You shoot an arrow!
Firing (i - inventory):
U - 78 arrows (quivered)
Press: ? - help, Shift-Dir - straight line You shoot an arrow!
Unholy energy fills the air! rip

###. #... ####...
##.###.) #...##..
####....#..
######...##.....
###(((.....####...
#@{(.(####.# #..#
####### #.## #..#
###### ##..###.##
#....####..[..^.##
##.##...).......##
#..###......#....
##.###......##...
#..###......#..#
##..##.[........


There were no monsters in sight!

Vanquished Creatures
  A two-headed ogre (D:8)
  An ugly thing (D:7)
  Joseph (D:7)
  5 gargoyles (D:8)
  2 slime creatures (D:6)
  A hippogriff (D:7)
  A wyvern (D:8)
  2 hungry ghosts (D:7)
  Duvessa (D:7)
  A black bear (D:8)
  A sky beast (D:6)
  4 orc warriors
  An ogre (D:8)
  A phantom (D:6)
  6 centaurs
  A big kobold (D:7)
  2 gnoll sergeants (D:7)
  Blork the orc (D:6)
  7 bullfrogs
  Dowan (D:7)
  5 killer bees
  5 howler monkeys
  2 crimson imps (D:7)
  A centaur zombie (D:6)
  7 jellies
  A quasit (D:6)
  5 hounds
  3 orc priests
  5 orc wizards
  An iguana (D:7)
  Ijyb (D:5)
  7 worker ants
  2 hound skeletons
  A killer bee simulacrum (D:7)
  9 gnolls (D:7)
  9 adders
  3 shadow imps
  4 oozes
  2 adder skeletons
  An adder zombie (D:7)
  5 worms
  4 dart slugs
  8 leopard geckos
  37 orcs
  A ball python (D:6)
  6 bats
  10 giant cockroaches
  6 goblins
  4 hobgoblins
  5 jackals
  23 kobolds
  4 quokkas
  A frilled lizard (D:2)
  A jackal skeleton (D:5)
  A leopard gecko skeleton (D:7)
  2 quokka skeletons
  7 rats
240 creatures vanquished.

Vanquished Creatures (others)
  A ball python (D:1)
  7 fungi (D:6)
  4 toadstools (D:6)
12 creatures vanquished.

Grand Total: 252 creatures vanquished

Notes
Turn   | Place    | Note
-------+----------+-------------------------------------------
     0 | D:1      | Gorglomux the Centaur Assassin began the quest for the Orb.
     0 | D:1      | Reached XP level 1. HP: 17/17 MP: 1/1
   171 | D:1      | Reached XP level 2. HP: 21/25 MP: 2/2
   204 | D:1      | Reached skill level 3 in Fighting
  1127 | D:2      | Reached XP level 3. HP: 31/31 MP: 3/3
  1524 | D:2      | Reached XP level 4. HP: 21/40 MP: 4/4
  1880 | D:2      | Found a snail-covered altar of Cheibriados.
  2166 | D:3      | Reached XP level 5. HP: 24/48 MP: 5/5
  3298 | D:4      | Found an ornate altar of the Wu Jian Council.
  3426 | D:4      | Reached skill level 6 in Fighting
  3598 | D:4      | Found a staircase to the Ecumenical Temple.
  3698 | D:4      | Reached XP level 6. HP: 52/58 MP: 6/6
  3927 | D:4      | Found a blossoming altar of Fedhas.
  4158 | D:5      | Entered Level 5 of the Dungeon
  4412 | D:5      | Found a hide-covered altar of Uskayaw.
  4449 | D:5      | Reached skill level 1 in Bows
  4474 | D:5      | Reached skill level 3 in Bows
  4767 | D:5      | Noticed Ijyb
  4780 | D:5      | Killed Ijyb
  4780 | D:5      | Reached XP level 7. HP: 64/66 MP: 7/7
  4791 | D:5      | Found Woeschic's Armour Shoppe.
  4806 | D:5      | Bought a +0 chain mail of fire resistance for 172 gold pieces
  4968 | Temple   | Entered the Ecumenical Temple
  5158 | D:6      | Reached skill level 4 in Bows
  5267 | D:6      | Reached skill level 5 in Bows
  5298 | D:6      | Noticed Blork the orc
  5327 | D:6      | Killed Blork the orc
  5327 | D:6      | Reached skill level 6 in Bows
  5377 | D:6      | Reached skill level 7 in Bows
  5442 | D:5      | Became a worshipper of Uskayaw the Reveler
  5478 | D:5      | Reached * piety under Uskayaw
  5482 | D:5      | Reached ** piety under Uskayaw
  5750 | D:6      | Reached skill level 8 in Bows
  5750 | D:6      | Reached XP level 8. HP: 72/73 MP: 8/8
  5770 | D:6      | Found Igaqeb's Distillery.
  5774 | D:6      | Found a sacrificial altar of Ru.
  5784 | D:6      | Bought a potion of haste for 150 gold pieces
  6448 | D:6      | Reached *** piety under Uskayaw
  6453 | D:6      | Reached skill level 9 in Bows
  6481 | D:6      | Noticed a slime creature
  6481 | D:6      | Noticed a slime creature
  6541 | D:6      | Found an opulent altar of Gozag.
  6747 | D:6      | Reached skill level 10 in Bows
  7100 | D:6      | Killed a slime creature
  7100 | D:6      | Reached **** piety under Uskayaw
  7126 | D:6      | Reached skill level 11 in Bows
  7141 | D:6      | Killed a slime creature
  7343 | D:6      | Reached skill level 12 in Bows
  7343 | D:6      | Reached XP level 9. HP: 79/79 MP: 9/9
  7725 | D:7      | Reached ***** piety under Uskayaw
  7784 | D:7      | Noticed Duvessa
  7813 | D:7      | Killed Duvessa
  7814 | D:7      | Noticed Dowan
  8063 | D:7      | Reached skill level 13 in Bows
  8694 | D:7      | Killed Dowan
  8713 | D:7      | Found a glowing silver altar of Zin.
  8960 | D:7      | Reached skill level 14 in Bows
  9314 | D:7      | Found a shadowy altar of Dithmenos.
  9439 | D:7      | Reached skill level 15 in Bows
  9551 | D:7      | Noticed Joseph
  9574 | D:7      | Killed Joseph
  9574 | D:7      | Reached XP level 10. HP: 13/86 MP: 10/10
  9812 | D:7      | Noticed a green ugly thing
  9898 | D:7      | Killed a green ugly thing
 10064 | D:7      | Found Dyraminyr's Food Shop.
 10476 | D:8      | Noticed a two-headed ogre
 10509 | D:8      | Killed a two-headed ogre
 10509 | D:8      | Reached skill level 16 in Bows
 10953 | D:8      | Noticed a gargoyle
 10956 | D:8      | Noticed a gargoyle
 10987 | D:8      | Killed a gargoyle
 10987 | D:8      | Reached skill level 17 in Bows
 11068 | D:8      | Killed a gargoyle
 11267 | D:8      | Noticed a gargoyle
 11267 | D:8      | Noticed a gargoyle
 11295 | D:8      | Killed a gargoyle
 11429 | D:8      | Killed a gargoyle
 11692 | D:8      | Noticed a gargoyle
 11724 | D:8      | Killed a gargoyle
 11724 | D:8      | Reached skill level 18 in Bows
 11772 | D:8      | Found a hazy altar of Hepliaklqana.
 11773 | D:8      | Found a shimmering altar of Xom.
 12960 | D:9      | Noticed Erolcha
 12961 | D:9      | Paralysed by Erolcha for 5 turns
 12985 | D:8      | Reached skill level 1 in Dodging
 13577 | D:9      | Found a radiant altar of Vehumet.
 13586 | D:9      | Reached skill level 1 in Invocations
 13612 | D:9      | Got an emerald-studded scale mail
 13623 | D:9      | Identified the +4 scale mail "Wimon" {+Fly MR+} (You found it on level 9 of the Dungeon)
 13795 | D:8      | Killed from afar by a vampire

Vault maps used:
D:1:      shiori_arrival_oz, st_stairs_10
D:2:      overflow_temple_1_default
D:3:      first_bread
D:4:      lemuel_round_altar, marbit_many_paths,
          minmay_temple_entry_from_below_a, grunt_ministairs_10
D:5:      eat_drink_and_be_merry_uskayaw, serial_shops, nicolae_shop_crystal,
          small_statue_intersection, item_on_display_a, uniq_ijyb
D:6:      cheibrodos_fertilizer, lemuel_doored_altar, overflow_temple_1_default,
          serial_shops, nicolae_shop_behind_doors, uniq_blork_the_orc
D:7:      lemuel_round_altar, kennysheep_little_box, serial_shops,
          kennysheep_mini, minmay_three_doors, uniq_joseph, uniq_duvessa
D:8:      cheibrodos_statue_roulette, regret_index_temple_of_mockery,
          minmay_misc_feat_four_crosses, minivault_25
D:9:      vehumet_crystals, overflow_temple_1_default, lemuel_round_altar,
          grunt_ogre_cave, uniq_erolcha
Temple:   jpeg_temple_island

Skill      XL: |  1  2  3  4  5  6  7  8  9 10 |
---------------+-------------------------------+-----
Fighting       | 3 4 5 6 7 |  7.3
Bows           | 3 8 12 15 18 | 18.1
Dodging        | 1 |  1.1
Invocations    | 1 |  1.3
Short Blades   | |  1.7
Throwing       | |  2.1
Armour         | |  0.2
Stealth        | |  2.4

Action                   |  1- 3 |  4- 6 |  7- 9 | 10-12 || total
-------------------------+-------+-------+-------+-------++-------
Melee: Short sword       |   102 |    82 |       |       ||   184
       Kick              |    15 |    34 |    39 |    12 ||   100
       Dagger            |     4 |   107 |   138 |    84 ||   333
 Fire: Shortbow          |       |    24 |   483 |   278 ||   785
  Use: Scroll            |       |     4 |     3 |       ||     7
       Potion            |       |       |     5 |       ||     5
 Stab: Sleeping          |     3 |     2 |       |       ||     5
       Paralysed         |       |       |     1 |       ||     1
  Eat: Chunk             |     1 |     9 |    15 |     9 ||    34
Armor: Robe              |    26 |    28 |       |       ||    54
       Scale mail        |       |    52 |       |     9 ||    61
       Chain mail        |       |       |   170 |    76 ||   246
Dodge: Dodged            |    52 |    88 |    62 |    46 ||   248

Table legend:
 A = Spawn XP
 B = Non-spawn XP
 C = Spawn XP percentage of total XP
 D = Spawn monster count
 E = Non-spawn monster count
 F = Spawn count percentage of total count
 G = Total turns spent on level
                    A         B        C        D         E        F      G
               +---------+---------+-------+---------+---------+-------+---------
         Total |    2008 |    8832 |  18.5 |      35 |     205 |  14.6 | 13795
               +---------+---------+-------+---------+---------+-------+---------
           D:1 |       2 |      37 |   5.1 |       1 |      19 |   5.0 |  1126
           D:2 |      19 |      75 |  20.2 |       4 |      20 |  16.7 |   965
           D:3 |      11 |     143 |   7.1 |       4 |      23 |  14.8 |  1205
           D:4 |      35 |     145 |  19.4 |       2 |      16 |  11.1 |   874
           D:5 |      33 |     297 |  10.0 |       1 |      12 |   7.7 |   909
           D:6 |     599 |    1514 |  28.3 |      12 |      36 |  25.0 |  3221
           D:7 |     206 |    3134 |   6.2 |       5 |      44 |  10.2 |  2005
           D:8 |    1103 |    3139 |  26.0 |       6 |      26 |  18.8 |  3146
           D:9 |       0 |     348 |   0.0 |       0 |       9 |   0.0 |   272
               +---------+---------+-------+---------+---------+-------+---------
